AoeStats
← 海峡

Hideout

507195981Analyzed
1v1 RM · 16d ago on Sep 17, 2026· 43m 48s· 2 players
Game mode
Random Map
Map size
Tiny (2 player)
Population
200
Speed
Normal
Resources
Standard
Victory
Conquest
Starting age
Dark Age
Ending age
Imperial Age
RankedLock teamsTeams togetherTeam positionsShared explorationLock speedFull tech treeHidden civsTurbo modeCheats
Victory
Defeat
🇲🇽 Inca · Mexico
1574
+19
🇨🇳 Inca · China
1645
-19
海峡
10:34 Feudal Age
10:36 Loom
14:56 Castle Age
13:25 Double-Bit Axe
13:04 Champi Runner
14:12 Scale Mail Armor
15:08 Champi Warrior
20:44 Horse Collar
29:11 Scale Mail Armor
30:04 Bow Saw
35:16 Imperial Age
33:26 Wheelbarrow
32:58 Squires
33:34 Chain Mail Armor
33:34 Heavy Plow
33:25 Gold Mining
35:37 Forging
35:22 Elite Champi Warrior
42:09 Plate Mail Armor
43:18 Stone Mining
Ux'Abdi
6:39 Loom
9:21 Feudal Age
9:28 Champi Runner
10:55 Fletching
19:19 Castle Age
17:52 Double-Bit Axe
18:00 Gold Mining
19:34 Horse Collar
19:28 Champi Warrior
20:09 Scale Mail Armor
20:30 Bow Saw
21:17 Bodkin Arrow
25:02 Champi Warrior
27:32 Squires
28:38 Forging
29:37 Forging
30:21 Chain Mail Armor
30:58 Heavy Plow
32:20 Town Watch
33:10 Wheelbarrow
40:23 Imperial Age
38:55 Iron Casting
38:47 Crossbowman
40:27 Elite Champi Warrior
42:09 Blast Furnace
42:36 Plate Mail Armor
43:29 Conscription
42:59 Capped Ram
Connection lost

Rejoining the realm…

Still unreachable

The connection could not be restored.

Session expired

The server has moved on; the page needs a fresh start.